AoeStats
← pepe_prado99

Black Forest

509427801Analyzed
4v4 RM · 7d ago on Sep 26, 2026· 54m 37s· 8 players
Game mode
Random Map
Map size
Large (8 player)
Population
200
Speed
Normal
Resources
Standard
Victory
Conquest
Starting age
Dark Age
Ending age
Imperial Age
RankedLock teamsTeams togetherTeam positionsShared explorationLock speedFull tech treeHidden civsTurbo modeCheats
Victory
Defeat
🇲🇽 Aztecs · Mexico
617
+12
🇺🇸 Malians · United States
597
+13
🇧🇷 Teutons · Brazil
590
+13
🇺🇸 Varangians · United States
406
+22
🇩🇪 Saxons · Germany
629
-19
🇪🇸 Varangians · Spain
502
-14
🇪🇸 Vikings · Spain
501
-14
🇩🇰 Chinese · Denmark
472
-13
Andreu 1977
10:19 Feudal Age
18:24 Castle Age
17:02 Horse Collar
18:06 Double-Bit Axe
19:19 Heavy Plow
19:34 Bow Saw
22:42 Gold Mining
22:43 Stone Mining
24:14 Gold Shaft Mining
26:00 Caravan
32:14 Imperial Age
32:19 Onager
33:42 Scale Mail Armor
33:53 Forging
34:49 Chemistry
33:36 Arrowslits
33:43 Guard Tower
37:52 Chain Mail Armor
38:12 Iron Casting
37:48 Chieftains
37:52 Bogsveigar
37:28 Elite Berserk
46:33 Elite Varangian Guard
47:22 Squires
47:08 Arson
48:52 Plate Mail Armor
49:23 Blast Furnace
fight for your rights
0:35 Loom
13:46 Feudal Age
14:19 Double-Bit Axe
14:18 Horse Collar
17:12 Wheelbarrow
17:23 Town Watch
19:54 Wheelbarrow
19:45 Gold Mining
21:15 Stone Mining
24:36 Castle Age
22:47 Town Watch
25:34 Hand Cart
27:26 Heavy Plow
30:12 Bow Saw
31:35 Caravan
33:15 Fortified Wall
36:48 Imperial Age
34:27 Padded Archer Armor
34:18 Fletching
36:42 Gold Shaft Mining
36:43 Stone Shaft Mining
36:29 Leather Archer Armor
36:09 Bodkin Arrow
37:41 Town Patrol
40:17 Two-Man Saw
41:35 Chemistry
40:36 Crossbowman
41:57 Ring Archer Armor
41:27 Bracer
42:11 Thumb Ring
44:30 Arbalester
49:31 Elite Skirmisher
50:21 Scale Barding Armor
50:17 Scale Mail Armor
50:28 Forging
52:11 Chain Barding Armor
joerg_horstmann
16:12 Feudal Age
22:32 Castle Age
21:29 Double-Bit Axe
23:03 Loom
23:27 Arson
23:29 Gambesons
25:59 Horse Collar
35:04 Heavy Plow
37:00 Squires
38:13 Scale Mail Armor
40:05 Redemption
42:32 Clerical Recruitment
44:07 Chain Mail Armor
44:03 Forging
48:18 Gold Mining
48:26 Stone Mining
Mgc789234
0:55 Loom
13:17 Feudal Age
17:57 Wheelbarrow
21:34 Castle Age
20:26 Double-Bit Axe
24:21 Hand Cart
24:13 Padded Archer Armor
28:04 Bow Saw
27:39 Horse Collar
28:05 Guard Tower
27:59 Treadmill Crane
28:18 Murder Holes
28:34 Fortified Wall
28:30 Scale Mail Armor
28:35 Scale Barding Armor
28:41 Forging
29:50 Heavy Plow
34:31 Heated Shot
34:52 Masonry
34:38 Fletching
36:48 Squires
38:45 Arson
40:12 Caravan
40:42 Coinage
40:55 Vendel Legacy
44:04 Ballistics
46:17 Imperial Age
44:15 Husbandry
47:27 Gothikon
49:38 Banking
49:18 Guilds
49:23 Pikeman
49:26 Man-at-Arms
49:57 Cavalier
51:00 Bodkin Arrow
51:21 Leather Archer Armor
Fieldmarshal89
0:49 Loom
11:13 Feudal Age
17:03 Fletching
19:05 Double-Bit Axe
19:45 Gold Mining
26:21 Castle Age
35:23 Forging
35:15 Scale Mail Armor
35:37 Arson
35:53 Squires
35:39 Gambesons
36:40 Iron Casting
37:31 Bow Saw
37:59 Wheelbarrow
38:42 Chain Mail Armor
39:17 Caravan
41:09 Horse Collar
42:00 Hand Cart
48:42 Imperial Age
46:52 Town Watch
47:52 Heavy Plow
50:28 Blast Furnace
49:59 Plate Mail Armor
49:10 Elite Varangian Guard
52:56 Conscription
MOSTLY STANK
13:12 Feudal Age
14:16 Double-Bit Axe
14:24 Horse Collar
14:55 Stone Mining
16:28 Gold Mining
22:00 Castle Age
22:22 Wheelbarrow
21:53 Scale Mail Armor
22:52 Heavy Plow
23:09 Bow Saw
26:00 Treadmill Crane
28:58 Stone Shaft Mining
31:37 Chain Mail Armor
35:09 Imperial Age
33:26 Caravan
33:55 Hand Cart
35:49 Forging
35:29 Arson
36:26 Crop Rotation
36:43 Town Watch
36:48 Elite Gbeto
40:30 Conscription
41:36 Hoardings
44:39 Ballistics
48:17 Squires
49:27 Plate Mail Armor
pepe_prado99
0:56 Loom
13:19 Feudal Age
13:50 Double-Bit Axe
13:47 Horse Collar
15:18 Gold Mining
22:19 Castle Age
21:37 Forging
21:28 Scale Mail Armor
24:58 Iron Casting
24:38 Chain Mail Armor
26:03 Bow Saw
26:19 Eagle Warrior
26:44 Arson
27:02 Squires
27:20 Heavy Plow
29:23 Caravan
30:54 Gold Shaft Mining
30:10 Stone Mining
31:24 Wheelbarrow
30:35 Town Watch
32:32 Fletching
32:42 Padded Archer Armor
33:32 Stone Shaft Mining
33:21 Hand Cart
33:06 Town Patrol
33:39 Bodkin Arrow
35:25 Treadmill Crane
36:05 Ballistics
39:29 Imperial Age
39:11 Leather Archer Armor
39:36 Elite Jaguar Warrior
40:38 Garland Wars
40:39 Conscription
41:28 Blast Furnace
40:58 Plate Mail Armor
41:36 Arrowslits
41:51 Heated Shot
45:09 Plate Mail Armor
45:39 Crop Rotation
45:38 Elite Eagle Warrior
49:14 Murder Holes
Mimi
0:35 Loom
14:56 Feudal Age
15:39 Horse Collar
15:45 Double-Bit Axe
15:55 Gold Mining
16:58 Town Watch
18:47 Wheelbarrow
18:47 Fletching
21:33 Scale Barding Armor
21:39 Forging
26:40 Castle Age
24:49 Stone Mining
25:25 Bloodlines
27:31 Heavy Plow
27:44 Bow Saw
27:59 Caravan
28:40 Iron Casting
28:34 Town Patrol
29:20 Stone Shaft Mining
30:30 Masonry
31:49 Hand Cart
33:30 Fortified Wall
36:58 Imperial Age
35:54 Ironclad
38:03 Chain Barding Armor
38:44 Blast Furnace
38:47 Chemistry
37:52 Siege Engineers
38:40 Crop Rotation
39:31 Two-Man Saw
40:01 Crenellations
41:29 Plate Barding Armor
40:50 Bodkin Arrow
42:07 Cavalier
43:11 Conscription
43:27 Hoardings
45:40 Ballistics
44:49 Paladin
Connection lost

Rejoining the realm…

Still unreachable

The connection could not be restored.

Session expired

The server has moved on; the page needs a fresh start.